 Dungeon Crawl Stone Soup version 0.25.1-8-g42b30a86e7 (webtiles) character file.

Game seed: 18279405987735492066

2016 pokeman the Thaumaturge (level 9, -6/48 HPs)
             Began as a Deep Elf Wizard on Dec 7, 2020.
             Was a Believer of Vehumet.
             Hit by a boomerang thrown by an orc warrior (20 damage)
             ... on level 7 of the Dungeon.
             The game lasted 00:20:58 (10335 turns).

pokeman the Thaumaturge (Deep Elf Wizard)          Turns: 10335, Time: 00:20:58

Health: -6/48      AC:  5    Str:  4    XL:     9   Next: 3%
Magic:  20/25      EV: 12    Int: 27    God:    Vehumet [**....]
Gold:   327        SH:  0    Dex: 13    Spells: 17/29 levels left

rFire    . . .     SeeInvis .   q - -3 long sword (curse)
rCold    . . .     Gourm    .   (no shield)
rNeg     . . .     Faith    .   w - +0 leather armour
rPois    +         Spirit   .   n - +0 helmet
rElec    .         Reflect  .   (no cloak)
rCorr    .         Harm     .   u - +0 pair of gloves
MR       .....                  (no boots)
Stlth    ++........             h - amulet of inaccuracy (curse)
HPRegen  0.16/turn              a - ring of flight
MPRegen  0.19/turn              m - ring of poison resistance

@: no status effects
A: no striking features
a: Renounce Religion, Evoke Flight


You were on level 7 of the Dungeon.
You worshipped Vehumet.
Vehumet was pleased with you.
You were not hungry.

You visited 2 branches of the dungeon, and saw 8 of its levels.

You collected 459 gold pieces.
You spent 132 gold pieces at shops.

Inventory:

Hand Weapons
 q - a cursed -3 long sword (weapon)
 y - the cursed +0 long sword of Victory {speed, *Corrode +Blink rN+++ Str-4, unknown}
   (You found it on level 5 of the Dungeon)

   Attacks with this weapon are significantly faster.
   It affects your strength (-4).
   It renders you almost immune to negative energy.
   It lets you blink.
   It may corrode you when you take damage.
   It has a curse placed upon it.
 F - a +0 shortbow
Missiles
 v - 80 bolts
 G - 14 arrows
Armour
 n - a +0 helmet (worn)
 o - a +2 buckler
 u - a +0 pair of gloves (worn)
 w - a +0 leather armour (worn)
Jewellery
 a - a ring of flight (left hand)
 h - a cursed amulet of inaccuracy (around neck)
 m - a ring of poison resistance (right hand)
Wands
 A - a wand of enslavement (9)
 H - a wand of clouds (3)
Scrolls
 b - 3 scrolls of teleportation {unknown}
 c - 5 scrolls of enchant weapon {unknown}
 g - 2 scrolls of enchant armour {unknown}
 i - a scroll of blinking {unknown}
 j - 2 scrolls of remove curse {unknown}
 k - a scroll of fog {unknown}
 l - a scroll of identify {unknown}
 s - a scroll of magic mapping {unknown}
 B - a scroll of fear {unknown}
Potions
 e - 2 potions of cancellation {unknown}
 f - a potion of haste {unknown}
 p - a potion of mutation {unknown}
 r - 6 potions of heal wounds
 t - a potion of invisibility {unknown}
 x - a potion of flight {unknown}
 z - a potion of lignification {unknown}
 C - 3 potions of curing
 D - a potion of berserk rage {unknown}
 E - 2 potions of magic {unknown}
Comestibles
 d - 8 rations


   Skills:
 - Level 2.0 Fighting
 - Level 2.0 Armour
 - Level 3.0 Dodging
 - Level 3.0 Stealth
 + Level 2.3 Shields
 * Level 10.6 Spellcasting
 + Level 5.7 Conjurations
 - Level 1.1 Summonings
 - Level 1.1 Translocations
 + Level 4.5 Fire Magic
 - Level 1.0 Air Magic
 - Level 1.0 Poison Magic
 - Level 1.1 Evocations


You had 17 spell levels left.
You knew the following spells:

 Your Spells              Type           Power        Failure   Level  Hunger
a - Magic Dart            Conj           ####         1%          1    None
b - Mephitic Cloud        Conj/Pois/Air  ####....     7%          3    None
c - Call Imp              Summ           ###.....     7%          2    None
d - Blink                 Tloc           N/A          7%          2    None
e - Conjure Flame         Conj/Fire      #####...     2%          3    None
f - Shock                 Conj/Air       ####         1%          1    None

Your spell library contained the following spells:

 Spells                   Type           Power        Failure   Level  Hunger
 Freeze                   Ice            ##..         7%          1    None
 Slow                     Hex            ##......     11%         2    None


Dungeon Overview and Level Annotations

Branches:
Dungeon (7/15)             Temple (1/1) D:4

Altars:
Ashenzari
Cheibriados
Dithmenos
Elyvilon
Fedhas
Gozag
Kikubaaqudgha
Makhleb
Nemelex Xobeh
Okawaru
Qazlal
Ru
Trog
Uskayaw
Vehumet
Wu Jian
Xom
Zin
The Shining One

Shops:
D:4 *[   D:6 [

Annotations:
D:7 Harold


Message History

The magic dart hits the orc.
The orc is severely wounded.
The orc hits you with a +0 flail.
An orc priest comes into view. It is wielding a +0 mace.
Casting: Magic Dart (safe; 1% risk of failure)
Confirm with . or Enter, or press ? or * to list all spells.
Aiming: Magic Dart (safe; 1% risk of failure)
Press: ? - help, Shift-Dir - straight line, f/p - orc
Aim: an orc, wielding a +0 flail and wearing a +0 leather armour (severely wounded)
The magic dart hits the orc.
You kill the orc!
Vehumet accepts your kill.
You feel your power returning.
The orc warrior throws a boomerang.
The boomerang hits you!
The weapon returns to the orc warrior!
The orc warrior throws a boomerang.
The boomerang hits you!
* * * LOW HITPOINT WARNING * * *
The weapon returns to the orc warrior!
Unknown command.
The orc warrior throws a boomerang.
The boomerang hits you!!
You die...

..#......... ..#
#..............#
...##.[............#
...>.................
.....................
................%...#
...>............!>...# #
................)..#....
..............@.$..oo...
..............#.#o.(....
..............####......
#...............#.......
##........<...........
#....#..........#.!##
##....##..#.#....####
##....###...##....#
#......###.<##...##


You could see an orc warrior, an orc priest and an orc wizard.

Vanquished Creatures
  The ghost of KrombopulosMichael the Chucker, a novice OgHu (D:6)
  A hungry ghost (D:7)
  An ice beast (D:6)
  An ogre (D:6)
  2 phantoms (D:5)
  A centaur (D:6)
  A bullfrog (D:6)
  2 scorpions (D:4)
  A howler monkey (D:5)
  2 bullfrog zombies (D:5)
  A crimson imp (D:6)
  5 hounds
  3 orc priests
  3 centaur skeletons
  2 iguanas
  4 orc wizards
  4 worker ants
  2 hound skeletons (D:6)
  A gnoll (D:1)
  9 adders
  2 oozes
  An adder zombie (D:5)
  3 worms
  2 dart slugs
  5 leopard geckos
  24 orcs
  A ball python (D:2)
  4 giant cockroaches
  6 goblins
  8 hobgoblins
  16 jackals
  5 kobolds
  A quokka (D:3)
  4 bats
  6 frilled lizards
  8 rats
143 creatures vanquished.

Vanquished Creatures (collateral kills)
  Menkaure (D:5)
  An adder skeleton (D:4)
2 creatures vanquished.

Grand Total: 145 creatures vanquished

Notes
Turn   | Place    | Note
-------+----------+-------------------------------------------
     0 | D:1      | pokeman the Deep Elf Wizard began the quest for the Orb.
     0 | D:1      | Reached XP level 1. HP: 10/10 MP: 7/7
   354 | D:1      | Reached XP level 2. HP: 16/16 MP: 4/9
   849 | D:1      | Reached skill level 5 in Spellcasting
   849 | D:1      | Reached XP level 3. HP: 3/20 MP: 1/11
   854 | D:1      | Learned a level 3 spell: Mephitic Cloud
   857 | D:1      | Learned a level 2 spell: Call Imp
   860 | D:1      | Learned a level 2 spell: Blink
   864 | D:1      | Learned a level 3 spell: Conjure Flame
  1731 | D:2      | Reached skill level 1 in Armour
  1793 | D:2      | Reached skill level 1 in Fighting
  2042 | D:2      | Found a sacrificial altar of Ru.
  2111 | D:2      | Reached XP level 4. HP: 25/25 MP: 8/13
  2203 | D:2      | Found a sparkling altar of Nemelex Xobeh.
  3207 | D:3      | Found a white marble altar of Elyvilon.
  3360 | D:3      | Reached skill level 1 in Fire Magic
  3414 | D:3      | Reached skill level 6 in Spellcasting
  3637 | D:3      | Reached XP level 5. HP: 29/29 MP: 6/15
  4320 | D:3      | Found a glowing golden altar of the Shining One.
  4596 | D:4      | Found a staircase to the Ecumenical Temple.
  4600 | D:4      | Noticed a phantom
  4605 | Temple   | Entered the Ecumenical Temple
  4806 | Temple   | Became a worshipper of Vehumet
  5222 | D:4      | Reached skill level 1 in Air Magic
  5476 | D:4      | Found Wetaor's Antique Armour Shoppe.
  5637 | D:4      | Reached XP level 6. HP: 34/34 MP: 14/17
  5734 | D:4      | Reached skill level 1 in Shields
  5902 | D:4      | Reached skill level 7 in Spellcasting
  5902 | D:4      | Reached skill level 1 in Poison Magic
  6189 | D:4      | Reached skill level 1 in Evocations
  6337 | D:4      | Found Upsezu's General Store.
  6342 | D:4      | Bought a potion of degeneration for 12 gold pieces
  6342 | D:4      | Bought 2 potions of heal wounds for 120 gold pieces
  6537 | D:5      | Entered Level 5 of the Dungeon
  6725 | D:5      | Reached XP level 7. HP: 31/38 MP: 3/20
  6873 | D:5      | Noticed Menkaure
  6909 | D:5      | Killed Menkaure
  7049 | D:5      | Got a brightly glowing long sword
  7133 | D:5      | Reached * piety under Vehumet
  7133 | D:5      | Offered knowledge of Shock by Vehumet.
  7133 | D:5      | Reached skill level 8 in Spellcasting
  7136 | D:5      | Learned a level 1 spell: Shock
  7758 | D:5      | Found a bloodstained altar of Trog.
  8140 | D:6      | Reached XP level 8. HP: 31/44 MP: 12/22
  8290 | D:6      | Reached skill level 9 in Spellcasting
  9213 | D:6      | Found a runed translucent door.
  9213 | D:6      | Noticed KrombopulosMichael's ghost (novice OgHu)
  9232 | D:6      | Reached skill level 5 in Conjurations
  9388 | D:6      | Found an iron altar of Okawaru.
  9601 | D:6      | Found Jekaso's Armour Boutique.
  9730 | D:6      | Killed KrombopulosMichael's ghost
  9730 | D:6      | Reached skill level 10 in Spellcasting
  9864 | D:7      | Noticed Harold
 10262 | D:7      | Offered knowledge of Freeze by Vehumet.
 10262 | D:7      | Reached XP level 9. HP: 48/48 MP: 16/25
 10329 | D:7      | Reached ** piety under Vehumet
 10335 | D:7      | Hit by a boomerang thrown by an orc warrior

Illustrated notes

Levels and vault maps discovered:
D:1:      psy_arrival_whirlpool, layout_basic, minmay_distorted
D:2:      layout_basic, nemelex_altar_shiori, nicolae_ru_the_path_less_chosen
D:3:      layout_basic, tso_oasis_becter, lemuel_coloured_pillars_altar,
          first_ration
D:4:      layout_basic, minmay_temple_entry_grid, serial_shops, shop, shop
D:5:      layout_loops_cross, bloody_trog, uniq_menkaure
D:6:      layout_cave_pools, okawaru_metal_pillars_3, serial_shops, shop,
          hellmonk_ghost_happy_afterlife
D:7:      layout_cave_pools, tgw_sif, grunt_temple_overflow_open,
          grunt_livestock, kennysheep_nondescript, uniq_harold, uniq_duvessa
Temple:   regret_index_temple_generic_petals

Skill      XL: |  1  2  3  4  5  6  7  8 |
---------------+-------------------------+-----
Spellcasting   | 5 6 7 8 10 | 10.6
Armour         | 1 2 |  2.0
Fighting       | 1 2 |  2.0
Conjurations   | 2 3 4 5 |  5.7
Fire Magic     | 1 2 4 |  4.5
Dodging        | 3 |  3.0
Air Magic      | 1 |  1.0
Shields        | 1 2 |  2.3
Poison Magic   | 1 |  1.0
Evocations     | 1 |  1.1
Stealth        | 3 |  3.0
Summonings     | |  1.1
Translocations | |  1.1

Action                   |  1- 3 |  4- 6 |  7- 9 || total
-------------------------+-------+-------+-------++-------
Melee: Unarmed           |     3 |       |       ||     3
       Long sword        |       |    37 |    26 ||    63
 Cast: Magic Dart        |    84 |   189 |   221 ||   494
       Mephitic Cloud    |       |     9 |     9 ||    18
       Conjure Flame     |       |     6 |    10 ||    16
       Call Imp          |       |     7 |    11 ||    18
       Blink             |       |     1 |     1 ||     2
       Shock             |       |       |     2 ||     2
 Stab: Confused          |       |     2 |     1 ||     3
  Eat: Chunk             |     3 |    11 |     5 ||    19
       Ration            |       |     1 |     2 ||     3
Armor: Robe              |     7 |     4 |       ||    11
       Leather armour    |       |     7 |    48 ||    55
Dodge: Dodged            |    26 |    50 |   109 ||   185
       Rpst.: Long sword |       |    13 |    31 ||    44
